 Dungeon Crawl Stone Soup version 0.30-a0-1016-gfb0d676c02 (webtiles) character file.

Game seed: 12786725684009804695

117665 CryoSword the Thaumaturge (level 16, -4/126 HPs)
             Began as a Gnoll Summoner on Apr 7, 2023.
             Was the Champion of Dithmenos.
             Slain by a four-headed hydra (17 damage)
             ... called by a spriggan druid
             ... on level 2 of the Swamp.
             The game lasted 01:26:09 (30564 turns).

CryoSword the Thaumaturge (Gnoll Summoner)         Turns: 30564, Time: 01:26:09

Health: -4/126     AC: 19    Str: 17    XL:     16   Next: 74%
Magic:  19/32      EV: 26    Int: 12    God:    Dithmenos [******]
Gold:   1907       SH: 17    Dex: 13    Spells: 16/40 levels left

rFire   . . .      SeeInvis .    a - +3 scimitar (flame)
rCold   . . .      Faith    .    S - +5 kite shield of Peek-a-Boo {rN++ Will+ rCorr Int-4}
rNeg    + + +      Spirit   .    L - +0 troll leather armour
rPois   +          Reflect  .    M - +2 helmet
rElec   .          Rampage  .    D - +4 cloak of the Vestibule of Hell {rPois}
rCorr   +                        i - +1 pair of gloves
Will    ++...                    C - +0 pair of boots of the Ant {rN+ Regen+ Stlth-}
Stlth   +++++++                  A - amulet of the acrobat
HPRegen 2.01/turn                m - ring of the Hare {EV+10, =R}
MPRegen 0.23/turn                K - ring of Fyodweesi {Fly rCorr Str+3}

@: flying, wreathed by umbra
A: fangs 1, strong nose, distributed training
a: Renounce Religion, Shadow Step, Shadow Form


You were on level 2 of the Swamp.
You worshipped Dithmenos.
Dithmenos was exalted by your worship.
You visited 5 branches of the dungeon, and saw 25 of its levels.
You also visited: Sewer, Bailey, Gauntlet and Volcano.

You collected 3353 gold pieces.
You spent 1446 gold pieces at shops.

Inventory:

Hand Weapons
 a - a +3 scimitar of flaming (weapon)
   (You took it off an efreet in a volcano)
 w - the +4 war axe "Kauc" {elec, rF+}
   (You took it off a minotaur in a Gauntlet)

   rF:        It protects you from fire.
Missiles
 P - 4 curare-tipped darts
Armour
 i - a +1 pair of gloves (worn)
   (You found it on level 1 of the Dungeon)
 q - a scarf of repulsion
   (You found it on level 9 of the Dungeon)
 C - the +0 pair of boots of the Ant (worn) {rN+ Regen+ Stlth-}
   (You found it in a Gauntlet)

   rN:        It protects you from negative energy.
   Regen:     It increases your rate of health regeneration.
   Stlth:     It makes you less stealthy.
 D - the +4 cloak of the Vestibule of Hell (worn) {rPois}
   (You bought it in a shop on level 2 of the Orcish Mines)

   rPois:     It protects you from poison.
 L - a +0 troll leather armour (worn)
   (You found it on level 8 of the Dungeon)
 M - a +2 helmet (worn)
   (You found it on level 6 of the Dungeon)
 S - the +5 kite shield of Peek-a-Boo (worn) {rN++ Will+ rCorr Int-4}
   (You took it off a minotaur in a Gauntlet)

   Int:       It affects your intelligence (-4).
   rN:        It greatly protects you from negative energy.
   rCorr:     It protects you from acid and corrosion.
   Will:      It increases your willpower.
Jewellery
 l - the ring "Quir" {rF+ Dex+3}
   (You found it on level 13 of the Dungeon)

   [ring of protection from fire]

   Dex:       It affects your dexterity (+3).
   rF:        It protects you from fire.
 m - the ring of the Hare (left hand) {EV+10, =R}
   (You acquired it on level 9 of the Dungeon)

   [ring of evasion]

   EV:        It affects your evasion (+10).
 x - a ring of poison resistance
   (You found it on level 13 of the Dungeon)
 y - the ring "Zemnix" {rCorr MP+9 Int+2}
   (You found it in a sewer)

   [ring of resist corrosion]

   Int:       It affects your intelligence (+2).
   MP:        It affects your magic capacity (+9).
   rCorr:     It protects you from acid and corrosion.
 z - an amulet of magic regeneration
   (You found it in a Gauntlet)
 A - an amulet of the acrobat (around neck)
   (You found it on level 3 of the Dungeon)
 K - the ring of Fyodweesi (right hand) {Fly rCorr Str+3}
   (You took it off a minotaur in a Gauntlet)

   [ring of flight]

   Str:       It affects your strength (+3).
   Fly:       It grants you flight.
   rCorr:     It protects you from acid and corrosion.
 N - a ring of protection from cold
   (You found it on level 9 of the Dungeon)
 T - a ring of wizardry
   (You found it in a Gauntlet)
 U - the ring of Miracles {Fire rPois SInv}
   (You found it on level 10 of the Dungeon)

   [ring of fire]

   It enhances your fire magic.
   rF:        It protects you from fire.
   rC:        It makes you vulnerable to cold.
   rPois:     It protects you from poison.
   SInv:      It lets you see invisible.
Wands
 k - a wand of digging (3)
   (You found it on level 8 of the Dungeon)
 r - a wand of quicksilver (7)
   (You found it in a volcano)
 F - a wand of iceblast (12)
   (You found it on level 4 of the Dungeon)
 J - a wand of paralysis (29) (quivered)
   (You took it off Pikel on level 5 of the Dungeon)
 V - a wand of mindburst (8)
   (You found it on level 14 of the Dungeon)
Scrolls
 c - 3 scrolls of magic mapping
 d - 2 scrolls of enchant weapon
 e - 10 scrolls of poison {!r}
 f - a scroll of butterflies
 g - 5 scrolls of amnesia
 n - 3 scrolls of blinking
 s - 13 scrolls of teleportation {@r4}
 H - 3 scrolls of fear
 O - 6 scrolls of fog
 X - 5 scrolls of identify {@r1}
Potions
 b - 3 potions of magic
 h - 15 potions of flight
 j - 5 potions of lignification {!q}
 o - 2 potions of ambrosia
 p - 4 potions of brilliance
 t - 2 potions of heal wounds {@q2}
 u - 6 potions of attraction {!q}
 B - a potion of resistance
 G - 8 potions of curing {@q1}
 I - 6 potions of might
 Q - 4 potions of haste {@q3}
Miscellaneous
 v - a tin of tremorstones (2/2)
   (You found it on level 4 of the Lair of Beasts)
 E - a phial of floods (inert)
   (You found it on level 1 of the Swamp)


   Skills:
 + Level 11.5 Fighting
 + Level 11.5 Short Blades
 + Level 11.5 Long Blades
 + Level 11.5 Axes
 + Level 11.5 Maces & Flails
 + Level 11.5 Polearms
 + Level 11.5 Staves
 + Level 11.5 Ranged Weapons
 + Level 11.5 Throwing
 + Level 11.5 Armour
 + Level 12.3 Dodging
 + Level 12.2 Stealth
 + Level 11.5 Shields
 + Level 11.5 Unarmed Combat
 + Level 12.5 Spellcasting
 + Level 9.7 Conjurations
 + Level 9.7 Hexes
 + Level 12.0 Summonings
 + Level 9.7 Necromancy
 + Level 9.7 Translocations
 + Level 9.7 Transmutations
 + Level 9.7 Fire Magic
 + Level 9.7 Ice Magic
 + Level 9.7 Air Magic
 + Level 9.7 Earth Magic
 + Level 9.7 Poison Magic
 + Level 12.5 Invocations
 + Level 11.5 Evocations


You had 16 spell levels left.
You knew the following spells:

 Your Spells              Type           Power      Damage    Failure   Level
a - Scorch                Fire           60%        2d7       1%          2
b - Flame Wave            Conj/Fire      30%        2d9       4%          4
c - Call Canine Familiar  Summ           36%        N/A       1%          3
d - Summon Lightning Spi  Summ/Air       33%        N/A       2%          4
e - Summon Cactus Giant   Summ           18%        N/A       26%         6
y - Wereblood             Tmut           30%        N/A       1%          2
z - Vhi's Electric Charg  Tloc/Air       60%        N/A       1%          3

Your spell library contained the following spells:

 Spells                   Type           Power      Damage    Failure   Level
 Kiss of Death            Conj/Necr      100%       2d13      1%          1
 Slow                     Hex            100%       N/A       1%          1
 Summon Small Mammal      Summ           100%       N/A       1%          1
 Blink                    Tloc           60%        N/A       1%          2
 Call Imp                 Summ           36%        N/A       1%          2
 Ensorcelled Hibernation  Hex/Ice        60%        N/A       1%          2
 Momentum Strike          Conj/Tloc      60%        3d9       1%          2
 Passwall                 Tmut/Erth      25%        N/A       1%          2
 Sublimation of Blood     Necr           30%        N/A       1%          2
 Confusing Touch          Hex            30%        N/A       1%          3
 Ozocubu's Armour         Ice            30%        N/A       1%          3
 Portal Projectile        Hex/Tloc       60%        N/A       1%          3
 Summon Guardian Golem    Hex/Summ       33%        N/A       1%          3
 Swiftness                Air            30%        N/A       1%          3
 Tukima's Dance           Hex            30%        N/A       1%          3
 Vampiric Draining        Necr           30%        2d8       1%          3
 Dispel Undead            Necr           30%        3d14      4%          4
 Leda's Liquefaction      Hex/Erth       15%        N/A       4%          4
 Manifold Assault         Tloc           30%        N/A       4%          4
 Passage of Golubria      Tloc           30%        N/A       4%          4
 Arcjolt                  Conj/Air       15%        1d25      12%         5
 Blade Hands              Tmut           15%        N/A       12%         5
 Lee's Rapid Deconstruct  Erth           15%        3d10*     12%         5
 Metabolic Englaciation   Hex/Ice        15%        N/A       12%         5
 Yara's Violent Unravell  Hex/Tmut       15%        3d8       12%         5
 Plasma Beam              Fire/Air       15%        2x1d29    54%         6
 Simulacrum               Ice/Necr       15%        N/A       54%         6
 Statue Form              Tmut/Erth      20%        N/A       54%         6
 Summon Hydra             Summ           18%        N/A       80%         7
 Malign Gateway           Summ/Tloc      16%        N/A       91%         7
 Storm Form               Tmut/Air       15%        N/A       98%         7
 Maxwell's Capacitive Co  Air            15%        ∞         100%        8


Dungeon Overview and Level Annotations

Branches:
Dungeon (15/15)            Temple (1/1) D:4            Lair (5/5) D:9
  Swamp (2/4) Lair:2        Snake (0/4) Lair:3        Slime (0/5) Lair:5
    Orc (2/2) D:11            Elf (0/3) Orc:2        Vaults (0/5) D:14
 Depths (0/4) D:15          Sewer (visited)          Bailey (visited)
Volcano (visited)         Gauntlet (visited)

Altars:
Ashenzari
Cheibriados
Dithmenos
Elyvilon
Fedhas
Gozag
Hepliaklqana
Kikubaaqudgha
Makhleb
Nemelex Xobeh
Okawaru
Qazlal
Ru
Sif Muna
Trog
Uskayaw
Vehumet
Wu Jian
Xom
Yredelemnul
Zin
The Shining One
Jiyva
Lugonu

Shops:
D:1 :   D:2 *   D:4 (   D:15 :[   Orc:2 =??*[*

Portals:
Abyss: Lair:5

Annotations:
Lair:5 1 runed translucent door


Innate Abilities, Weirdness & Mutations

You have very sharp teeth.
Your uncanny sense of smell can sniff out nearby items.
Your experience applies equally to all skills.


Message History

Your shadow hits the spriggan with a war axe!
You kill the spriggan!
Dithmenos accepts your kill.
Your shadow hits the spriggan druid but does no damage.
The spriggan druid splashes around in the water.
Your Summonings skill increases to level 12!
You closely miss the bunyip. You slash the spriggan druid!
Lightning courses through the spriggan druid!
Your shadow hits the bunyip but does no damage.
Your shadow barely misses the spriggan druid.
The spriggan druid completely misses you.
The bunyip claws you! You block the bunyip's attack.
The bunyip closely misses you.
You miss the spriggan druid. Your bite misses the spriggan druid.
You hit the bunyip.
Your shadow hits the spriggan druid but does no damage.
Your shadow hits the bunyip but does no damage.
The spriggan druid splashes around in the water.
You closely miss the spriggan druid. You hit the bunyip.
The spriggan druid closely misses you.
You miscast Summon Lightning Spire.
You are very lightly contaminated with residual magic.
Nothing appears to happen.
The bunyip howls a warning cry!
You block the spriggan druid's attack.
An electric hum fills the air.
The bunyip misses you. x2
You block the bunyip's attack.
The spriggan druid calls out to the beasts of the wild!
The spriggan druid calls out to the beasts of the wild!
An alligator comes into view.
The spriggan druid hits you with a +0 quarterstaff!
An alligator comes into view.
Items here: ) [[ †.
You miss the spriggan druid. Your bite misses the spriggan druid.
You hit the bunyip. Lightning courses through the bunyip!
Your shadow hits the spriggan druid with a war axe!
Your shadow hits the bunyip with a war axe.
The bunyip claws you!
You emit a cloud of dark smoke.
The bunyip completely misses you. You block the bunyip's attack.
A seven-headed hydra comes into view.
The spriggan druid splashes around in the water.
You slash the spriggan druid! You hit the bunyip.
Your shadow completely misses the spriggan druid.
Your shadow barely misses the bunyip.
Your hound misses the spriggan druid. The spriggan druid closely misses you.
A swamp dragon comes into view.
The alligator puts on a burst of speed!
Your lightning spire shoots out a bolt of lightning at the bunyip!
The bolt of electricity hits the bunyip!
Your hound misses the spriggan druid. You closely miss the spriggan druid.
You slash the bunyip! Lightning courses through the bunyip!!
You kill the bunyip!
Dithmenos accepts your kill.
The spriggan druid calls out to the beasts of the wild!
The alligator puts on a burst of speed!
Your hound bites the spriggan druid but does no damage.
You strike the helpless spriggan druid from behind!
You hit the spriggan druid.
Your shadow hits the spriggan druid with a war axe!
With its final breath, the spriggan druid offers up its power to the beasts of the wild!
The seven-headed hydra seems to grow more fierce.
You kill the spriggan druid!
Dithmenos accepts your kill.
You hear a splash. x2
Something barely misses your lightning spire.
Something tail-slaps your lightning spire!
Your hound bites the seven-headed hydra.
Your magical contamination has completely faded away.
The +4 war axe "Kauc" {elec, rF+} stops crackling.
Your +3 scimitar of flaming bursts into flame!
a - a +3 scimitar of flaming (weapon)
Something bites your lightning spire.
Something tail-slaps your lightning spire but does no damage.
A spriggan rider comes into view. It is wielding a +0 spear.
Your hound bites the seven-headed hydra.
The seven-headed hydra misses you. The seven-headed hydra bites you!
The seven-headed hydra barely misses you.
The seven-headed hydra completely misses you.
You block the seven-headed hydra's attack. x3
Your hound barely misses the seven-headed hydra.
You slice one of the seven-headed hydra's heads off!
The flame cauterises the wound!
You slash the six-headed hydra! You burn the six-headed hydra.
Your hound barely misses the six-headed hydra.
You block the six-headed hydra's attack. x2
The six-headed hydra bites you. The six-headed hydra misses you.
The six-headed hydra completely misses you.
You block the six-headed hydra's attack.
You slice one of the six-headed hydra's heads off!
The flame cauterises the wound!
You slash the five-headed hydra! You burn the five-headed hydra.
Your shadow hits the five-headed hydra with a scimitar.
Your hound bites the five-headed hydra.
The five-headed hydra bites your hound!!
Your hound dies!
Your hound's corpse disappears in a puff of smoke!
You block the five-headed hydra's attack. x2
The five-headed hydra closely misses you.
The five-headed hydra misses you. The alligator bites you.
The alligator tail-slaps you but does no damage.
You barely miss the five-headed hydra.
You block the five-headed hydra's attack.
The five-headed hydra bites you but does no damage.
The five-headed hydra completely misses you.
You block the five-headed hydra's attack.
The five-headed hydra bites you! The alligator barely misses you.
The alligator tail-slaps you.
The spriggan rider completely misses you.
A goliath frog comes into view.
An alligator comes into view.
You chop one of the five-headed hydra's heads off!
The flame cauterises the wound!
You slice the four-headed hydra!! You burn the four-headed hydra.
Your shadow hits the four-headed hydra with a scimitar.
You block the alligator's attack. x2; The goliath frog misses you.
The four-headed hydra misses you.
The four-headed hydra barely misses you.
The four-headed hydra completely misses you.
The four-headed hydra barely misses you.
The spriggan rider hits you from afar with a +0 spear.
You emit a cloud of dark smoke.
The swamp dragon breathes poison at you.
The blast of poison misses you.
You barely miss the four-headed hydra. You bite the four-headed hydra.
The alligator bites you! You block the alligator's attack.
The goliath frog hits you from afar!
* * * LOW HITPOINT WARNING * * *
You are splashed with acid.
You resist.
* * * LOW HITPOINT WARNING * * *
You block the four-headed hydra's attack.
The four-headed hydra bites you.
* * * LOW HITPOINT WARNING * * *
The four-headed hydra bites you!
* * * LOW HITPOINT WARNING * * *
You block the four-headed hydra's attack.
The alligator completely misses you. You block the alligator's attack.
The spriggan rider misses you. The alligator bites you!
* * * LOW HITPOINT WARNING * * *
The alligator misses you.
A swamp drake comes into view.
As you read the scroll of fear, it crumbles to dust.
You assume a fearsome visage.
The swamp dragon looks frightened!
The swamp drake looks frightened!
The goliath frog looks frightened!
The spriggan rider resists with some effort.
The four-headed hydra easily resists.
The alligator looks frightened! x3
The four-headed hydra completely misses you.
The four-headed hydra bites you!!
* * * LOW HITPOINT WARNING * * *
The four-headed hydra bites you!
You die...

♣♣.♣.~.♣..~♣♣~~.
♣.~~~..~.§.~.~..~
~...~~.~..~.~~~.§
~~...~..~.~~~~~~~
.D.§..~...§..~.~.
♣~..~.D§§§§§..~.
♣...~§i§§D§§.§~~
♣..§§§t§@§..♣
♣..§§§§t§§.~♣
♣~...§§§§.♣♣♣♣
♣♣.♣~~§§§..♣♣♣♣
♣♣..t♣~§k....♣
♣♣~..~~♣♣♣♣.♣
♣..§.~♣♣ ♣.♣
~.t♣.~♣♣ ♣.♣
~..♣♣♣ ♣.♣


You could see 2 alligators, a four-headed hydra (strong), a swamp dragon
(fleeing), a spriggan rider and a swamp drake (fleeing).

Vanquished Creatures
  Donald (Swamp:1)
  An eleionoma (Swamp:2)
  A minotaur (Gauntlet)
  A bunyip (Swamp:2)
  Snorg (Lair:2)
  A fire dragon (D:15)
  The ghost of srctwd the Zephyrmancer, a journeyman NaAE of the Shining One (D:10)
  An ice dragon (D:15)
  2 hydras
  Erolcha (D:13)
  An ogre mage (D:15)
  2 catoblepae
  6 centaur warriors
  2 ghost crabs
  3 boulder beetles
  8 two-headed ogres
  A death knight (D:10)
  7 death yaks
  2 alligators (Swamp:2)
  2 thrashing horrors (Lair:5)
  A goliath frog (Swamp:1)
  3 lindwurms
  2 spriggan druids
  A bog body (Swamp:1)
  5 orc knights
  Pikel (D:5)
  2 deep elf pyromancers
  An oklob plant (Lair:5)
  10 ugly things
  7 cyclopes
  3 orc sorcerers
  7 manticores
  Joseph (D:8)
  6 elephants
  2 black mambas
  2 smoke demons (Lair:5)
  2 molten gargoyles (Volcano)
  11 cane toads
  A gargoyle (D:11)
  3 unseen horrors (D:11)
  3 efreet
  2 kobold demonologists
  A rime drake (Lair:5)
  A tengu conjurer (D:14)
  7 komodo dragons
  An ancient zyme (Lair:5)
  6 trolls
  4 large abominations (Lair:5)
  A polar bear (shapeshifter) (D:15)
  3 hornets
  A meliai (Gauntlet)
  A queen bee (shapeshifter) (Lair:5)
  3 polar bears
  A tyrant leech (Swamp:1)
  16 blink frogs
  2 spectral black mambas
  4 shadows
  An air elemental (D:10)
  4 slime creatures
  3 spriggans (Swamp:2)
  2 vampires
  A centaur simulacrum (D:15)
  3 wraiths (D:12)
  3 wyverns (Lair:5)
  A water elemental (D:10)
  16 yaks
  2 fire elementals (Volcano)
  15 humans (D:14)
  A chaos spawn (Lair:5)
  7 basilisks
  5 steam dragons
  A spectral cane toad (Lair:2)
  13 vampire mosquitoes
  8 small abominations (Lair:5)
  5 wargs
  6 swamp worms
  Edmund (D:5)
  2 acid dragons (D:11)
  16 water moccasins
  27 orc warriors
  A spectral yak (Lair:2)
  A sky beast (D:8)
  3 swamp drakes (Swamp:1)
  7 wolves
  7 ogres
  13 centaurs
  2 phantoms
  A lemure (D:4)
  2 kobold brigands
  A scorpion (D:4)
  7 bullfrogs
  4 earth elementals
  A gnoll sergeant (D:7)
  A wight (D:8)
  11 killer bees
  2 howler monkeys (D:9)
  Crazy Yiuf (D:3)
  A gnoll bouda (D:5)
  7 orc priests
  2 hounds
  2 jellies
  A sleepcap (D:6)
  Jessica (D:2)
  Natasha (D:2)
  7 iguanas
  13 orc wizards
  Ijyb (D:4)
  A nameless horror (Lair:1)
  A gnoll (D:5)
  7 adders
  A dart slug (D:2)
  29 orcs
  3 endoplasms (D:4)
  12 giant cockroaches
  5 goblins (D:2)
  5 hobgoblins
  9 kobolds
  8 quokkas
  5 ball pythons
  8 bats
  9 frilled lizards
  A goblin zombie (D:3)
  A rat (D:2)
  A spectral hobgoblin (D:11)
  A bush (Lair:5)
524 creatures vanquished.

Vanquished Creatures (collateral kills)
  Gastronok (D:9)
  3 hydras
  A ghost crab (Lair:2)
  A two-headed ogre (D:11)
  A tengu warrior (D:13)
  A death scarab (Gauntlet)
  6 death yaks
  A skyshark (Lair:2)
  A lindwurm (Lair:3)
  An orc knight (Orc:2)
  3 ugly things
  A will-o-the-wisp (Swamp:1)
  A manticore (D:11)
  6 elephants
  A water nymph (shapeshifter) (Lair:5)
  Maurice (D:13)
  A molten gargoyle (Volcano)
  An unseen horror (D:11)
  2 cane toads (Lair:3)
  A gargoyle (D:13)
  A rime drake (Lair:1)
  An efreet (Volcano)
  An ancient zyme (Lair:5)
  5 komodo dragons
  A troll (Orc:1)
  2 meliai (Gauntlet)
  13 blink frogs
  Prince Ribbit (D:6)
  Sigmund (D:2)
  2 spriggans
  2 humans
  Eustachio (D:6)
  7 yaks
  A basilisk (Lair:1)
  3 fire elementals
  2 vampire mosquitoes (D:13)
  A chaos spawn (Lair:5)
  2 spectral komodo dragons (Lair:2)
  Menkaure (D:5)
  3 wargs
  3 water moccasins
  Duvessa (D:7)
  2 sky beasts
  A spectral blink frog (Lair:2)
  8 orc warriors
  7 wolves
  2 ogres
  2 lemures (D:4)
  A centaur (D:11)
  Blork the orc (D:5)
  5 bullfrogs
  A scorpion (D:5)
  3 wights (D:8)
  Dowan (D:7)
  3 killer bees
  3 howler monkeys (D:7)
  2 jellies
  6 orc priests
  3 hounds (D:5)
  A sleepcap (D:6)
  Natasha (twice) (D:2)
  An iguana (D:5)
  3 orc wizards
  9 gnolls
  7 adders
  A white imp (D:4)
  An ufetubus (D:6)
  2 worms (D:2)
  A dart slug (D:1)
  14 orcs
  2 endoplasms
  8 giant cockroaches
  8 hobgoblins
  13 kobolds
  4 quokkas
  2 ball pythons
  5 bats
  4 frilled lizards
  A goblin (Bailey)
230 creatures vanquished.

Vanquished Creatures (others)
  A deep elf pyromancer (D:15)
  An unseen horror (D:11)
  2 bloated husks
  A tyrant leech (Swamp:1)
  An orc wizard (D:11)
  A bush (Lair:5)
  A fire vortex (Volcano)
  6 foxfires (Swamp:1)
  44 fungi
  25 plants
83 creatures vanquished.

Grand Total: 837 creatures vanquished

Notes
Turn   | Place    | Note
-------+----------+-------------------------------------------
     0 | D:1      | CryoSword the Gnoll Summoner began the quest for the Orb.
     0 | D:1      | Reached XP level 1. HP: 13/13 MP: 6/6
   110 | D:1      | Reached XP level 2. HP: 19/19 MP: 4/7
   338 | D:1      | Found Eligh's Book Boutique.
   860 | D:2      | Reached skill level 5 in Spellcasting
   860 | D:2      | Reached XP level 3. HP: 20/25 MP: 5/9
   945 | D:2      | Noticed Jessica
   952 | D:2      | Reached skill level 1 in Invocations
   971 | D:2      | Killed Jessica
   972 | D:2      | Reached skill level 1 in Fighting
   972 | D:2      | Reached skill level 1 in Short Blades
   972 | D:2      | Reached skill level 1 in Long Blades
   972 | D:2      | Reached skill level 1 in Axes
   972 | D:2      | Reached skill level 1 in Maces & Flails
   972 | D:2      | Reached skill level 1 in Polearms
   972 | D:2      | Reached skill level 1 in Staves
   972 | D:2      | Reached skill level 1 in Ranged Weapons
   972 | D:2      | Reached skill level 1 in Throwing
   972 | D:2      | Reached skill level 1 in Armour
   972 | D:2      | Reached skill level 1 in Shields
   972 | D:2      | Reached skill level 1 in Unarmed Combat
   972 | D:2      | Reached skill level 1 in Evocations
   972 | D:2      | Reached XP level 4. HP: 32/32 MP: 11/11
  1055 | D:2      | Noticed Sigmund
  1077 | D:2      | Reached skill level 1 in Conjurations
  1077 | D:2      | Reached skill level 1 in Hexes
  1077 | D:2      | Reached skill level 1 in Necromancy
  1077 | D:2      | Reached skill level 1 in Translocations
  1077 | D:2      | Reached skill level 1 in Transmutations
  1077 | D:2      | Reached skill level 1 in Fire Magic
  1077 | D:2      | Reached skill level 1 in Ice Magic
  1077 | D:2      | Reached skill level 1 in Air Magic
  1077 | D:2      | Reached skill level 1 in Earth Magic
  1077 | D:2      | Reached skill level 1 in Poison Magic
  1078 | D:2      | Killed Sigmund
  1079 | D:2      | Reached XP level 5. HP: 14/38 MP: 8/12
  1079 | D:2      | Reached XP level 6. HP: 16/44 MP: 9/14
  1407 | D:2      | Learned a level 2 spell: Call Imp
  1411 | D:2      | Learned a level 3 spell: Call Canine Familiar
  1426 | D:2      | Noticed Natasha
  1440 | D:2      | Reached skill level 5 in Dodging
  1448 | D:2      | Killed Natasha
  1616 | D:2      | Noticed Natasha
  1622 | D:2      | Killed Natasha
  1844 | D:2      | Found Akhiadogg's General Store.
  1852 | D:2      | Bought a scroll of identify for 22 gold pieces
  1985 | D:2      | Noticed Natasha
  2001 | D:2      | Killed Natasha
  2203 | D:3      | Found a faded altar of an unknown god.
  2211 | D:3      | Found a runed translucent door.
  2211 | D:3      | Noticed a human
  2219 | D:3      | Found a basalt altar of Yredelemnul.
  2240 | D:3      | Killed a human
  2241 | D:3      | Reached XP level 7. HP: 51/51 MP: 8/15
  2315 | D:3      | Found a burning altar of Makhleb.
  2317 | D:3      | Found a blossoming altar of Fedhas.
  2348 | D:3      | Found an iron altar of Okawaru.
  2430 | D:3      | Found a glowing drain.
  2457 | Sewer    | Entered a sewer
  2770 | Sewer    | Reached skill level 5 in Stealth
  2772 | Sewer    | Identified the ring "Zemnix" {rCorr MP+9 Int+2}
  3277 | D:3      | Found an ornate altar of the Wu Jian Council.
  3386 | D:3      | Found a hide-covered altar of Uskayaw.
  3444 | D:3      | Found a runed translucent door.
  3445 | D:3      | Noticed Crazy Yiuf
  3524 | D:3      | Killed Crazy Yiuf
  3794 | D:4      | Found a staircase to the Ecumenical Temple.
  3814 | Temple   | Entered the Ecumenical Temple
  3851 | Temple   | Became a worshipper of Dithmenos the Shadowed
  4095 | D:4      | Noticed Ijyb
  4114 | D:4      | Killed Ijyb
  4148 | D:4      | Found Tanikait's Antique Weapon Shop.
  4358 | D:4      | Reached XP level 8. HP: 58/58 MP: 16/16
  4361 | D:4      | Found a radiant altar of Vehumet.
  4641 | D:5      | Entered Level 5 of the Dungeon
  5016 | D:5      | Noticed Menkaure
  5021 | D:5      | Killed Menkaure
  5249 | D:5      | Found an ancient bone altar of Kikubaaqudgha.
  5255 | D:5      | Noticed Edmund
  5258 | D:5      | Noticed Pikel
  5563 | D:5      | Noticed Blork the orc
  5570 | D:5      | Killed Blork the orc
  5729 | D:5      | Found a broken altar of Ashenzari.
  5983 | D:5      | Killed Pikel
  5983 | D:5      | Reached * piety under Dithmenos
  5984 | D:5      | Reached XP level 9. HP: 26/65 MP: 18/18
  6328 | D:5      | Killed Edmund
  6430 | D:5      | Learned a level 4 spell: Summon Lightning Spire
  6541 | D:4      | Bought an iridescent quarterstaff for 207 gold pieces
  6541 | D:4      | Identified the +4 quarterstaff "Inass" {pain, Dex+4} (You
                  | bought it in a shop on level 4 of the Dungeon)
  6612 | D:6      | Noticed Prince Ribbit
  6709 | D:6      | Noticed Eustachio
  6721 | D:6      | Killed Eustachio
  6722 | D:6      | Reached skill level 5 in Invocations
  6986 | D:6      | Found a shimmering blue altar of Sif Muna.
  7068 | D:6      | Killed Prince Ribbit
  7361 | D:7      | Noticed Dowan
  7361 | D:7      | Noticed Duvessa
  7373 | D:7      | Killed Duvessa
  7388 | D:7      | Reached skill level 5 in Fighting
  7388 | D:7      | Reached skill level 5 in Short Blades
  7388 | D:7      | Reached skill level 5 in Long Blades
  7388 | D:7      | Reached skill level 5 in Axes
  7388 | D:7      | Reached skill level 5 in Maces & Flails
  7388 | D:7      | Reached skill level 5 in Polearms
  7388 | D:7      | Reached skill level 5 in Staves
  7388 | D:7      | Reached skill level 5 in Ranged Weapons
  7388 | D:7      | Reached skill level 5 in Throwing
  7388 | D:7      | Reached skill level 5 in Armour
  7388 | D:7      | Reached skill level 5 in Shields
  7388 | D:7      | Reached skill level 5 in Unarmed Combat
  7388 | D:7      | Reached skill level 5 in Evocations
  7388 | D:7      | Reached XP level 10. HP: 39/74 MP: 20/20
  7393 | D:7      | Killed Dowan
  7597 | D:7      | Reached ** piety under Dithmenos
  8626 | D:8      | Found a sacrificial altar of Ru.
  9034 | D:8      | Found a flagged portal.
  9054 | Bailey   | Entered a bailey
  9631 | D:8      | Found a bloodstained altar of Trog.
  9720 | D:8      | Found a shimmering altar of Xom.
  9722 | D:8      | Found a shimmering altar of Xom.
  9722 | D:8      | Found a shimmering altar of Xom.
  9723 | D:8      | Found a shimmering altar of Xom.
  9723 | D:8      | Found a shimmering altar of Xom.
  9955 | D:8      | Noticed an angel
 10030 | D:8      | Found a glowing silver altar of Zin.
 10084 | D:8      | Noticed Joseph
 10146 | D:8      | Paralysed by Joseph for 5 turns
 10170 | D:8      | Killed Joseph
 10302 | D:9      | Noticed Gastronok
 10316 | D:9      | Killed Gastronok
 10317 | D:9      | Reached skill level 5 in Conjurations
 10317 | D:9      | Reached skill level 5 in Hexes
 10317 | D:9      | Reached skill level 5 in Necromancy
 10317 | D:9      | Reached skill level 5 in Translocations
 10317 | D:9      | Reached skill level 5 in Transmutations
 10317 | D:9      | Reached skill level 5 in Fire Magic
 10317 | D:9      | Reached skill level 5 in Ice Magic
 10317 | D:9      | Reached skill level 5 in Air Magic
 10317 | D:9      | Reached skill level 5 in Earth Magic
 10317 | D:9      | Reached skill level 5 in Poison Magic
 10317 | D:9      | Reached XP level 11. HP: 74/81 MP: 23/23
 10354 | D:9      | Found a staircase to the Lair.
 10569 | D:9      | Found a hazy altar of Hepliaklqana.
 10723 | D:9      | Noticed a five-headed hydra
 10838 | D:8      | Found a shimmering altar of Xom.
 10934 | D:9      | Reached *** piety under Dithmenos
 11004 | D:9      | Killed a five-headed hydra
 11511 | D:9      | Identified a scroll of acquirement
 11512 | D:9      | Acquired the ring of the Hare {EV+10}
 11512 | D:9      | Found the ring of the Hare {EV+10}
 11571 | D:10     | Entered Level 10 of the Dungeon
 11571 | D:10     | Found a transporter.
 11622 | D:10     | Found a transporter.
 11753 | D:10     | Noticed a death knight
 11761 | D:10     | Noticed srctwd's ghost (journeyman NaAE)
 11859 | D:10     | Found a large runed translucent door.
 11859 | D:10     | Found a large runed translucent door.
 12382 | D:10     | Paralysed by an air elemental for 1 turns
 12395 | D:10     | Paralysed by an air elemental for 1 turns
 12624 | D:11     | Found a staircase to the Orcish Mines.
 12751 | D:11     | Noticed a manticore
 12759 | D:11     | Killed a manticore
 12772 | D:11     | Noticed a manticore
 12782 | D:11     | Killed a manticore
 12835 | D:11     | Found a runed translucent door.
 12992 | D:11     | Identified the +1 chain mail "Gosebul" {Str+3 Int+6}
 13013 | D:11     | Found a runed translucent door.
 13070 | D:11     | Learned a level 2 spell: Wereblood
 13281 | D:11     | Found a hazy altar of Hepliaklqana.
 13385 | D:11     | Reached **** piety under Dithmenos
 13395 | D:11     | Reached XP level 12. HP: 52/91 MP: 22/24
 13482 | D:11     | Noticed a two-headed ogre
 13512 | D:11     | Killed a two-headed ogre
 13572 | D:11     | Noticed a two-headed ogre
 13572 | D:11     | Noticed a catoblepas
 13699 | Lair:1   | Entered Level 1 of the Lair of Beasts
 14692 | Lair:2   | Noticed a skyshark
 14749 | Lair:2   | Killed a skyshark
 15355 | Lair:2   | Reached XP level 13. HP: 98/98 MP: 26/26
 15630 | Lair:2   | Found a staircase to the Swamp.
 15676 | Lair:2   | Reached skill level 10 in Summonings
 16671 | Lair:3   | Noticed Snorg
 16701 | Lair:2   | Killed Snorg
 17031 | Lair:3   | Found a staircase to the Snake Pit.
 17046 | Lair:3   | Reached skill level 10 in Spellcasting
 17123 | Lair:3   | Reached ***** piety under Dithmenos
 17134 | Lair:3   | Reached skill level 10 in Dodging
 17615 | Lair:3   | Identified the +1 scale mail of Ignis's Whim {Rampage rPois
                  | rF- rCorr}
 18200 | Lair:4   | Reached skill level 10 in Stealth
 18288 | Lair:4   | Found a dark tunnel.
 18296 | Volcano  | Entered a volcano
 18563 | Volcano  | Reached XP level 14. HP: 60/108 MP: 28/28
 18646 | Volcano  | Reached skill level 10 in Invocations
 20112 | Lair:5   | Entered Level 5 of the Lair of Beasts
 20486 | Lair:5   | Found a gate leading to a gauntlet.
 20494 | Gauntlet | Entered a Gauntlet
 20494 | Gauntlet | Found a transporter.
 20494 | Gauntlet | Found a transporter.
 20494 | Gauntlet | Found a transporter.
 20495 | Gauntlet | Found a transporter.
 20498 | Gauntlet | Found a transporter.
 20509 | Gauntlet | Found a transporter.
 20513 | Gauntlet | Found a transporter.
 20523 | Gauntlet | Noticed a dire elephant
 20524 | Gauntlet | Found a transporter.
 20614 | Gauntlet | Found a transporter.
 20626 | Gauntlet | Found a transporter.
 20628 | Gauntlet | Found a transporter.
 20638 | Gauntlet | Found a transporter.
 20793 | Gauntlet | Identified the +0 pair of boots of the Ant {rN+ Regen+
                  | Stlth-}
 20890 | Gauntlet | Identified the +4 war axe "Kauc" {elec, rF+}
 20890 | Gauntlet | Identified the +5 kite shield of Peek-a-Boo {rN++ Will+
                  | rCorr Int-4}
 20890 | Gauntlet | Identified the ring of Fyodweesi {Fly rCorr Str+3}
 20990 | Gauntlet | Got the Secrets of the Wasteland
 20992 | Gauntlet | Identified the +4 scale mail "Woyl" {+Inv rF++ Str-2
                  | Stlth+}
 21226 | Lair:5   | Reached ****** piety under Dithmenos
 21526 | Lair:5   | Reached skill level 10 in Fighting
 21526 | Lair:5   | Reached skill level 10 in Short Blades
 21526 | Lair:5   | Reached skill level 10 in Long Blades
 21526 | Lair:5   | Reached skill level 10 in Axes
 21526 | Lair:5   | Reached skill level 10 in Maces & Flails
 21526 | Lair:5   | Reached skill level 10 in Polearms
 21526 | Lair:5   | Reached skill level 10 in Staves
 21526 | Lair:5   | Reached skill level 10 in Ranged Weapons
 21526 | Lair:5   | Reached skill level 10 in Throwing
 21526 | Lair:5   | Reached skill level 10 in Armour
 21526 | Lair:5   | Reached skill level 10 in Shields
 21526 | Lair:5   | Reached skill level 10 in Unarmed Combat
 21526 | Lair:5   | Reached skill level 10 in Evocations
 21584 | Lair:5   | Found a runed translucent door.
 21584 | Lair:5   | Found a viscous altar of Jiyva.
 21584 | Lair:5   | Found a staircase to the Slime Pits.
 22011 | Lair:5   | Reached XP level 15. HP: 87/115 MP: 28/30
 22302 | Lair:5   | Found a corrupted altar of Lugonu.
 22302 | Lair:5   | Found a one-way gate to the infinite horrors of the Abyss.
 22603 | Lair:5   | Identified the staff of death "Ybeagico" {rElec rN+ Int-3
                  | Dex+3}
 22831 | D:1      | Bought a book of Scorching for 330 gold pieces
 22834 | D:1      | Learned a level 2 spell: Scorch
 22840 | D:1      | Learned a level 4 spell: Flame Wave
 22847 | D:1      | Learned a level 6 spell: Summon Cactus Giant
 23423 | D:10     | Killed srctwd's ghost
 23431 | D:10     | Identified the ring of Miracles {Fire rPois SInv}
 23692 | D:12     | Found a bloodstained altar of Trog.
 24420 | D:13     | Identified the ring "Quir" {rF+ Dex+3}
 24436 | D:13     | Noticed Maurice
 24454 | D:13     | Killed Maurice
 24525 | D:13     | Noticed Erolcha
 24538 | D:13     | Killed Erolcha
 24623 | D:13     | Found a radiant altar of Vehumet.
 24887 | D:14     | Found a gate to the Vaults.
 26545 | D:2      | Bought 3 curare-tipped darts for 39 gold pieces
 26747 | D:15     | Entered Level 15 of the Dungeon
 26843 | D:15     | Found Zisigufu's Book Boutique.
 26851 | D:15     | Found Egilli Urhist's Armour Boutique.
 26968 | D:15     | Found a staircase to the Depths.
 26989 | D:15     | Reached XP level 16. HP: 108/124 MP: 32/32
 28134 | Orc:1    | Entered Level 1 of the Orcish Mines
 28228 | Orc:1    | Found a burning altar of Makhleb.
 28337 | Orc:1    | Learned a level 3 spell: Vhi's Electric Charge
 28657 | Orc:2    | Entered Level 2 of the Orcish Mines
 28735 | Orc:2    | Found a staircase to the Elven Halls.
 29043 | Orc:2    | Found Jiotep's Magic Scroll Emporium.
 29043 | Orc:2    | Found Piaciff's Magic Scroll Boutique.
 29045 | Orc:2    | Found Riasemni's Jewellery Shop.
 29047 | Orc:2    | Found Rijuidom's General Store.
 29059 | Orc:2    | Bought a scroll of fog for 56 gold pieces
 29174 | Orc:2    | Found Ceddoaso's Armour Emporium.
 29185 | Orc:2    | Bought the +4 cloak of the Vestibule of Hell {rPois} for
                  | 642 gold pieces
 29196 | Orc:2    | Found Jevenkep's General Store.
 29202 | Orc:2    | Bought a potion of haste for 150 gold pieces
 29551 | Swamp:1  | Entered Level 1 of the Swamp
 29809 | Swamp:1  | Noticed Donald
 30104 | Swamp:1  | Killed Donald
 30564 | Swamp:2  | Slain by a four-headed hydra

Illustrated notes

Levels and vault maps discovered:
D:1:      erik_arrival_blinker_ship, layout_rooms, serial_shops, shop,
          nicolae_figureground_sparkle
D:2:      layout_basic, serial_shops, shop, uniq_natasha, uniq_jessica,
          uniq_sigmund
D:3:      layout_loops_cross, makhleb_altar_promises_db,
          nicolae_uskayaw_suspiria, dk_yredelemnul_ordeal, fedhas_altar_1,
          okawaru_gym_becter, mainiacjoe_overflow_tiny_flanked,
          ebering_ecumenical_altar_box, portal_sewer_entry_f,
          uniq_crazy_yiuf_cottage
D:4:      layout_basic, mainiacjoe_overflow_paths, minmay_temple_entry_wispy,
          serial_shops, shop, uniq_ijyb
D:5:      layout_layer_cave, kiku_gazebo_pond_becter,
          ashenzari_conservatory_becter, kennysheep_generic_room_5,
          uniq_menkaure, uniq_blork_the_orc, uniq_edmund, uniq_pikel
D:6:      layout_cave_pools, amcnicky_altar_gilded, roderic_batcave,
          uniq_prince_ribbit1, uniq_eustachio
D:7:      layout_cave_pods, uniq_duvessa
D:8:      layout_loops_ring, xom_shifter_show, nicolae_ru_sacrificial_ziggurat,
          zin_angel, mainiacjoe_overflow_catwalk, enter_bailey_4, uniq_joseph
D:9:      wander_river, layout_grid_maze,
          mainiacjoe_overflow_concentric_impassable, erik_lair_orcish_takeover,
          uniq_gastronok
D:10:     layout_roguey, gammafunk_ghost_arena, lightli_elemental_guards
D:11:     cheibrodos_histonic, layout_irregular_city,
          minmay_orc_entry_guard_dogs, nicolae_hepliaklqana_monster_ancestors
D:12:     layout_grid_maze, trog_three_pillars_becter
D:13:     layout_basic, vehumet_crystals, uniq_maurice, uniq_erolcha
D:14:     layout_layer_cave, david_vaults_3, nrook_mini_backslash,
          patterned_corridor
D:15:     grunt_enter_depths_hoard, layout_loops_cross, serial_shops, shop,
          nicolae_shop_statue_plus, serial_co_window_serial, co_window_corner_a,
          co_window_cross_1, co_window_corner_a, co_window_cross_1,
          co_window_corner_a, co_window_unsneaky_path_d, co_window_broadway_a,
          co_window_broadway_b, co_window_unsneaky_path_d, co_window_4corner_b,
          co_window_sun
Temple:   hellmonk_temple_of_storms
Lair:1:   layout_small_grid, infiniplex_staircase_pool
Lair:2:   layout_cave_pods, nicolae_swamp_entry_spooky, nicolae_lair_lil_pond,
          lemuel_fruit_tree
Lair:3:   layout_chaotic_city, dummy_snake_entry, uniq_snorg
Lair:4:   layout_long_grid, nicolae_volcano_entry_two_sided,
          small_statue_intersection
Lair:5:   hellmonk_lair_end_abyssal_woods, layout_loops_ring, slime_entry_2,
          gauntlet_entry_generic, minmay_lair_oklob_items, grunt_megastairs_4
Swamp:1:  layout_basic_swamp, hangedman_swamp_ruin_wall, swamp_pool5,
          uniq_donald
Swamp:2:  layout_basic_swamp, nicolae_swamp_triple_paths, swamp_pool3
Orc:1:    nicolae_orc_accident_3, layout_caves, basic_altar
Orc:2:    st_orc_rangers, layout_diamond_mine, serial_shops,
          nicolae_shop_hallway_stairs, shop, basic_altar

Skill      XL: |  1  2  3  4  5  6  7  8  9 10 11 12 13 14 15 16 |
---------------+-------------------------------------------------+-----
Spellcasting   | 5 6 7 8 9 10 11 12 | 12.5
Invocations    | 1 2 3 4 5 6 7 8 9 10 11 12 | 12.5
Fighting       | 1 2 3 4 5 6 7 8 9 10 11 | 11.5
Short Blades   | 1 2 3 4 5 6 7 8 9 10 11 | 11.5
Long Blades    | 1 2 3 4 5 6 7 8 9 10 11 | 11.5
Axes           | 1 2 3 4 5 6 7 8 9 10 11 | 11.5
Maces & Flails | 1 2 3 4 5 6 7 8 9 10 11 | 11.5
Polearms       | 1 2 3 4 5 6 7 8 9 10 11 | 11.5
Staves         | 1 2 3 4 5 6 7 8 9 10 11 | 11.5
Ranged Weapons | 1 2 3 4 5 6 7 8 9 10 11 | 11.5
Throwing       | 1 2 3 4 5 6 7 8 9 10 11 | 11.5
Armour         | 1 2 3 4 5 6 7 8 9 10 11 | 11.5
Shields        | 1 2 3 4 5 6 7 8 9 10 11 | 11.5
Unarmed Combat | 1 2 3 4 5 6 7 8 9 10 11 | 11.5
Evocations     | 1 2 3 4 5 6 7 8 9 10 11 | 11.5
Conjurations   | 1 2 3 4 5 6 7 8 9 |  9.7
Hexes          | 1 2 3 4 5 6 7 8 9 |  9.7
Necromancy     | 1 2 3 4 5 6 7 8 9 |  9.7
Translocations | 1 2 3 4 5 6 7 8 9 |  9.7
Transmutations | 1 2 3 4 5 6 7 8 9 |  9.7
Fire Magic     | 1 2 3 4 5 6 7 8 9 |  9.7
Ice Magic      | 1 2 3 4 5 6 7 8 9 |  9.7
Air Magic      | 1 2 3 4 5 6 7 8 9 |  9.7
Earth Magic    | 1 2 3 4 5 6 7 8 9 |  9.7
Poison Magic   | 1 2 3 4 5 6 7 8 9 |  9.7
Dodging        | 5 6 7 8 9 10 11 12 | 12.3
Stealth        | 5 6 7 8 9 10 11 12 | 12.2
Summonings     | 8 9 10 11 12 | 12.0

Action                     |  1- 3 |  4- 6 |  7- 9 | 10-12 | 13-15 | 16-18 || total
---------------------------+-------+-------+-------+-------+-------+-------++-------
  Melee: Unarmed           |    46 |       |       |       |       |       ||    46
         Bite              |     7 |     2 |    27 |    80 |   185 |    56 ||   357
         Short sword       |    34 |    14 |       |       |       |       ||    48
         Halberd           |       |    36 |    86 |       |       |       ||   122
         Trident           |       |       |   171 |       |       |       ||   171
         Punch             |       |       |     7 |       |    21 |       ||    28
         Quarterstaff      |       |       |    73 |   550 |   303 |       ||   926
         Scimitar          |       |       |       |       |   211 |    14 ||   225
         War axe           |       |       |       |       |   588 |   378 ||   966
  Throw: Dart              |       |       |       |     1 |       |     3 ||     4
   Cast: Summon Small Mamm |    33 |    16 |    34 |    13 |       |       ||    96
         Call Canine Famil |       |     7 |    29 |    62 |    70 |    19 ||   187
         Call Imp          |       |     5 |    26 |    44 |    49 |       ||   124
         Summon Lightning  |       |       |       |    50 |    89 |    25 ||   164
         Wereblood         |       |       |       |     1 |     6 |     8 ||    15
  Evoke: Wand              |       |       |       |     2 |     4 |       ||     6
         Phial of floods   |       |       |       |       |       |     1 ||     1
    Use: Potion            |       |     3 |     1 |     2 |     4 |       ||    10
         Scroll            |       |     2 |     6 |    15 |    10 |     1 ||    34
   Stab: Distracted        |     1 |       |     7 |     9 |    36 |    10 ||    63
         Sleeping          |     1 |     5 |    21 |    12 |    27 |     6 ||    72
 Armour: Robe              |    15 |    20 |   123 |    51 |       |       ||   209
         Troll leather arm |       |       |       |   130 |   181 |    60 ||   371
  Dodge: Dodged            |    63 |    56 |   293 |   955 |  1274 |   370 ||  3011
         Repelled          |       |       |       |       |    10 |     5 ||    15
  Block: Kite shield       |       |       |       |       |   575 |   403 ||   978

Table legend: (Time is in decaauts)
 A = Elapsed time spent in this place.
 B = Non-inter-level travel time spent in this place.
 C = Inter-level travel time spent in this place.
 D = Time resting spent in this place.
 E = Time spent auto-exploring this place.
 F = Levels seen in this place.
 G = Mean time per level.
                   A        B        C        D        E       F      G
               +--------+--------+--------+--------+--------+-----+--------+
         Total |  30953 |  28036 |   2917 |   1572 |  17877 |  29 | 1067.3 |
       Dungeon |  18268 |  16057 |   2211 |    576 |  11106 |  15 | 1217.9 |
        Temple |     44 |     38 |      6 |      0 |     28 |   1 |   44.0 |
          Lair |   8024 |   7441 |    583 |    688 |   4695 |   5 | 1604.8 |
         Swamp |   1019 |   1009 |     10 |      0 |    445 |   2 |  509.5 |
  Orcish Mines |   1267 |   1162 |    105 |      0 |    853 |   2 |  633.5 |
         Sewer |    672 |    672 |      0 |     27 |    282 |   1 |  672.0 |
        Bailey |    557 |    557 |      0 |      0 |    322 |   1 |  557.0 |
       Volcano |    568 |    568 |      0 |    195 |      0 |   1 |  568.0 |
      Gauntlet |    531 |    531 |      0 |     85 |    143 |   1 |  531.0 |
               +--------+--------+--------+--------+--------+-----+--------+

Top non-repeatable levels by time:
  Lair:5: 1838 daAuts
  Lair:1: 1757 daAuts
  Lair:2: 1710 daAuts
     D:5: 1662 daAuts
  Lair:4: 1614 daAuts
     D:2: 1543 daAuts
     D:4: 1486 daAuts
     D:9: 1459 daAuts
    D:11: 1455 daAuts
    D:14: 1443 daAuts
     D:8: 1409 daAuts
     D:7: 1384 daAuts
    D:15: 1330 daAuts
    D:10: 1213 daAuts
  Lair:3: 1103 daAuts
